cohdb
Replays
Latest Replays
All Replays
Popular Replays
Top Player Replays
Match Explorer
How It Works
Community
CoH3 Stats
Reddit
Sign in to upload your games and track your stats! →
Sign in with Steam
Match 42167001
Unlisted
Match 42167001
Overview
Messages
Build Orders
End
Construct Infanterie Kompanie
Kettenkrad Recon Vehicle
MG 42 Machine Gun Team
Grenadier Squad
GrW 34 Mortar Team
Grenadier Squad
Selects Mechanized Battlegroup
Medical Station
Selects Mobile Repair Stations
Construct Panzergrenadier Kompanie
Pak 40 Anti-tank Gun Team
251 Medium Carrier
Support Elements
Nebelwerfer 42 Rocket Launcher Team
Selects Wespe Self-propelled Artillery
StuG III G Assault Gun
StuG III G Assault Gun
Side Skirts
ブリツア
Smokey
Chris 15
Lord Touchme
irwin0892
Darth Revan
Fairdal
gUi
0
0
Comments
sign in to comment!
No comments posted yet!